[Event "November 21 Early 2023"]
[Site "https://www.chess.com"]
[Date "2023.11.21"]
[Round "11"]
[White "Alexandre, Anne Shopie Elizabeth"]
[Black "Bharath Subramaniyam H"]
[Result "1-0"]
[Board "18"]
[TimeControl "180+1"]
[WhiteFideId "11902418"]
[BlackFideId "46634827"]
[WhiteElo "2823"]
[BlackElo "2435"]
[WhiteTeam "HAI"]
[BlackTeam "IND"]
[WhiteClock "0:00:32"]
[BlackClock "0:00:26"]

1. Nf3 d5 2. e3 Nf6 3. c4 c6 4. d4 e6 5. Nbd2 Be7 6. Bd3 O-O 7. O-O Nbd7 8. b3 b6 9. Bb2 Bb7 10. Rc1 c5 11. cxd5 Bxd5 12. e4 Bb7 13. e5 Nd5 14. Bb1 cxd4 15. Qc2 g6 16. Bxd4 Ba3 17. Rce1 Ba6 18. Nc4 Rc8 19. Qe2 Bb4 20. Rc1 Nc5 21. Rfd1 Qe7 22. h4 Ba3 23. Rc2 Nb4 24. Rcd2 Bxc4 25. bxc4 Nba6 26. h5 Bb4 27. Rb2 Na4 28. Rb3 Bc5 29. Qe3 Rfd8 30. Rbd3 Nb2 31. Bxc5 Nxc5 32. Rxd8+ Rxd8 33. Rc1 Rd1+ 34. Rxd1 Nxd1 35. Qh6 Qf8 36. Qd2 Nxf2 37. Kxf2 Na4 38. h6 Qc8 39. Kg3 Nc5 40. Qg5 Qf8 41. Bc2 Nd7 42. Qf4 Qe7 43. Ba4 Nc5 44. Bc6 Kf8 45. Ng5 Kg8 46. Qf6 Qxf6 47. exf6 Nd3 48. Be8 Ne5 49. Kf4 Nd3+ 50. Ke3 Ne5 51. Kd4 Ng4 52. Bxf7+ Kf8 53. Bxg6 Nxh6 54. Nxh7+ Kg8 55. Ng5 1-0

[Event "November 21 Early 2023"]
[Site "https://www.chess.com"]
[Date "2023.11.21"]
[Round "11"]
[White "Ter-Sahakyan, Samvel"]
[Black "Vignesh N R"]
[Result "1-0"]
[Board "19"]
[TimeControl "180+1"]
[WhiteFideId "13302531"]
[BlackFideId "25012215"]
[WhiteElo "2556"]
[BlackElo "2425"]
[WhiteTeam "ARM"]
[BlackTeam "IND"]
[WhiteClock "0:00:07"]
[BlackClock "0:00:18"]

1. d4 Nf6 2. c4 e6 3. Nf3 d5 4. g3 dxc4 5. Bg2 c5 6. O-O Nc6 7. Qa4 Bd7 8. dxc5 Bxc5 9. Qxc4 Bb6 10. Nc3 O-O 11. Bg5 h6 12. Bh4 Rc8 13. Qf4 Bc7 14. Qd2 Qe7 15. Nb5 Rfd8 16. Nxc7 Rxc7 17. Rfd1 e5 18. Qd6 Qxd6 19. Rxd6 Be6 20. Rxd8+ Nxd8 21. Bxf6 gxf6 22. Ne1 Nc6 23. e3 Nb4 24. a3 Na6 25. b4 b6 26. Nf3 Rc3 27. Nd2 f5 28. Nf3 e4 29. Nd4 Kg7 30. Bf1 Nc7 31. a4 Nd5 32. b5 Nb4 33. a5 bxa5 34. Rxa5 Rc1 35. Nxe6+ fxe6 36. Rxa7+ Kf6 37. b6 Rb1 38. b7 Nc6 39. Ra6 Ne5 40. Ra7 Nf3+ 41. Kg2 Ne1+ 42. Kh3 Nf3 43. Ba6 Ne5 44. Ra8 Nc6 45. Rc8 Ne5 46. b8=Q 1-0

[Event "November 21 Early 2023"]
[Site "https://www.chess.com"]
[Date "2023.11.21"]
[Round "11"]
[White "Licznerski, Lukasz"]
[Black "Shoker, Samy"]
[Result "1/2-1/2"]
[Board "20"]
[TimeControl "180+1"]
[WhiteFideId "1179250"]
[BlackFideId "627143"]
[WhiteElo "2436"]
[BlackElo "2475"]
[WhiteTeam "POL"]
[BlackTeam "EGY"]
[WhiteClock "0:00:05"]
[BlackClock "0:00:27"]

1. e4 g6 2. d4 Bg7 3. Nf3 d6 4. Bc4 Nc6 5. O-O Nf6 6. Qe2 Bg4 7. c3 O-O 8. h3 Bxf3 9. Qxf3 e5 10. Bb5 exd4 11. Bxc6 bxc6 12. cxd4 Re8 13. Nc3 Nd7 14. Be3 Rb8 15. b3 Qf6 16. Qe2 Qd8 17. Rac1 Rb4 18. Qa6 Bxd4 19. Bxd4 Rxd4 20. Qxc6 Nc5 21. Rfd1 Nd3 22. Qa6 Nc5 23. Qxa7 Rxd1+ 24. Rxd1 Nxe4 25. Nxe4 Rxe4 26. Qb7 Qe7 27. Rf1 c5 28. Qxe7 Rxe7 29. Rd1 Ra7 30. a4 Rb7 31. Rd3 Kf8 32. Kf1 Ke7 33. Ke2 Ke6 34. Kd2 d5 35. Kc3 Rb4 36. Re3+ Kd6 37. Rf3 f5 38. g3 h5 39. h4 d4+ 40. Kb2 Kd5 41. Kc2 c4 42. bxc4+ Rxc4+ 43. Kb3 Rc8 44. Rd3 Ke4 45. Rd1 d3 46. a5 Kd4 47. a6 Rb8+ 48. Ka4 Kc3 49. Rc1+ Kb2 50. Rc7 Ra8 51. Kb5 d2 52. Rd7 Kc2 53. Rc7+ Kd3 54. Rd7+ Ke2 55. Re7+ Kxf2 56. Rd7 Ke3 57. Kb6 Kf3 58. Rxd2 Kxg3 59. Rd6 Kxh4 60. Rxg6 f4 61. Kb7 Rf8 62. a7 f3 63. a8=Q Rxa8 64. Kxa8 f2 65. Rf6 Kg3 66. Rg6+ Kf3 67. Rf6+ Kg3 68. Rg6+ Kf3 69. Rf6+ Ke2 70. Re6+ Kf1 71. Rh6 Kg1 72. Rg6+ Kh2 73. Rf6 Kg3 1/2-1/2

[Event "November 21 Early 2023"]
[Site "https://www.chess.com"]
[Date "2023.11.21"]
[Round "11"]
[White "Pourramezanali, Amirreza"]
[Black "Mikhailovsky, Vladimir"]
[Result "0-1"]
[Board "21"]
[TimeControl "180+1"]
[WhiteFideId "12511412"]
[BlackFideId "34105414"]
[WhiteElo "2302"]
[BlackElo "2257"]
[WhiteTeam "IRI"]
[BlackTeam "RUS"]
[WhiteClock "0:00:00"]
[BlackClock "0:00:04"]

1. e4 c6 2. d4 d5 3. f3 g6 4. Nc3 Bg7 5. Be3 Nd7 6. e5 Nh6 7. g4 f6 8. Qd2 Ng8 9. f4 Nb6 10. h3 f5 11. Bd3 Nc4 12. Bxc4 dxc4 13. Qe2 Be6 14. Nf3 fxg4 15. Ng5 Bd5 16. O-O-O g3 17. Rhg1 Nh6 18. Rxg3 Nf5 19. Rgg1 Qd7 20. Nce4 b6 21. Ng3 O-O-O 22. Kb1 Nxg3 23. Rxg3 Qf5 24. Bc1 Kb7 25. Nf3 Rd7 26. Nh4 Qf7 27. f5 gxf5 28. e6 Bxe6 29. Rxg7 Qxg7 30. Qxe6 Rd6 31. Qxf5 Rxd4 32. Re1 Rhd8 33. Qh5 R4d5 34. Nf5 Qf6 35. Qxh7 Qxf5 36. Rxe7+ Ka6 37. Rxa7+ Kb5 38. a4+ Kc5 39. Qe7+ R8d6 40. Be3+ Kb4 0-1

[Event "November 21 Early 2023"]
[Site "https://www.chess.com"]
[Date "2023.11.21"]
[Round "11"]
[White "Matinian, Nikita"]
[Black "Javakhadze, Zurab"]
[Result "0-1"]
[Board "22"]
[TimeControl "180+1"]
[WhiteFideId "24129100"]
[BlackFideId "13603647"]
[WhiteElo "2417"]
[BlackElo "2381"]
[WhiteTeam "FID"]
[BlackTeam "GEO"]
[WhiteClock "0:00:00"]
[BlackClock "0:00:05"]

1. e4 c5 2. Nc3 a6 3. g3 b5 4. Bg2 Bb7 5. d3 e6 6. f4 Nf6 7. Nf3 d5 8. e5 Nfd7 9. O-O Be7 10. a4 b4 11. Ne2 Nc6 12. c4 bxc3 13. bxc3 O-O 14. Rb1 Qc7 15. c4 dxc4 16. dxc4 Nb6 17. Qb3 Nb4 18. Bd2 Be4 19. a5 Nd7 20. Ra1 Nb8 21. Qe3 Bb7 22. Rfc1 N8c6 23. Nc3 Nxa5 24. Ne4 Bxe4 25. Qxe4 Nb3 26. Bc3 Nxc1 27. Rxc1 a5 28. Qb1 a4 29. Nd2 Ra6 30. Ne4 a3 31. Nf6+ Bxf6 32. exf6 g6 33. Qe4 Rd8 34. f5 exf5 35. Qh4 Qd6 36. Bf3 a2 37. Rd1 Qxd1+ 38. Bxd1 Rxd1+ 39. Kg2 a1=Q 40. Qh6 Rxf6 41. Bxa1 Rxa1 42. Qe3 Ra2+ 43. Kh3 Re6 44. Qxc5 Nc2 45. Qc8+ Kg7 46. Qc5 Raa6 47. Qd5 Rac6 48. c5 Ne3 49. Qd4+ Kg8 50. Kh4 h6 51. h3 Re4+ 52. Qxe4 fxe4 0-1

[Event "November 21 Early 2023"]
[Site "https://www.chess.com"]
[Date "2023.11.21"]
[Round "11"]
[White "Piesik, Piotr"]
[Black "Rakhmanov, Aleksandr"]
[Result "1-0"]
[Board "23"]
[TimeControl "180+1"]
[WhiteFideId "1136194"]
[BlackFideId "4173708"]
[WhiteElo "2309"]
[BlackElo "2521"]
[WhiteTeam "CZE"]
[BlackTeam "FID"]
[WhiteClock "0:00:24"]
[BlackClock "0:00:00"]

1. Nf3 d5 2. g3 h5 3. Bg2 Nc6 4. d3 e5 5. Nbd2 Be7 6. h4 Nf6 7. e4 dxe4 8. Nxe4 Nxe4 9. dxe4 Qxd1+ 10. Kxd1 Bg4 11. c3 O-O-O+ 12. Kc2 f5 13. Ng5 Be2 14. Be3 Bd3+ 15. Kc1 Bxg5 16. Bxg5 Rd6 17. exf5 Bxf5 18. Rd1 Rf8 19. Rd2 Bg4 20. Be3 Bf3 21. Bh3+ Bg4 22. Bf1 e4 23. Bf4 Rdf6 24. Bb5 Nd8 25. Kc2 a6 26. Bc4 Be6 27. Be2 Bg4 28. Bxg4+ hxg4 29. Re1 Ne6 30. Be3 Rf5 31. Red1 Re5 32. Rd7 Re8 33. Rf7 Rf8 34. Rdd7 Rxf7 35. Rxf7 Rd5 36. Re7 Rd6 37. c4 b5 38. c5 Rc6 39. b4 a5 40. a3 axb4 41. axb4 Kd8 42. Rf7 Ra6 43. Rf5 Ra4 44. Kb3 Ke7 45. Re5 Kf6 46. Rxe4 Kf5 47. Rc4 bxc4+ 48. Kxa4 Ke4 49. b5 c3 50. b6 1-0

[Event "November 21 Early 2023"]
[Site "https://www.chess.com"]
[Date "2023.11.21"]
[Round "11"]
[White "Mazurkiewicz, Michal"]
[Black "Szpar, Milosz"]
[Result "1-0"]
[Board "24"]
[TimeControl "180+1"]
[WhiteFideId "1124943"]
[BlackFideId "1184989"]
[WhiteElo "2124"]
[BlackElo "2446"]
[WhiteTeam "POL"]
[BlackTeam "POL"]
[WhiteClock "0:00:08"]
[BlackClock "0:00:00"]

1. e4 c5 2. Nf3 d6 3. g3 g6 4. Bg2 Bg7 5. O-O Nc6 6. d3 e5 7. Nc3 Nge7 8. Nd2 O-O 9. Nc4 f5 10. Nb5 Rf6 11. Bg5 Re6 12. exf5 gxf5 13. Bd5 a6 14. Nbxd6 Bd7 15. Nxf5 Nxd5 16. Bxd8 Rxd8 17. Nxg7 Kxg7 18. Ne3 Nde7 19. c3 Rg6 20. f4 exf4 21. Rxf4 Be6 22. Qe2 Re8 23. Re4 Bd7 24. Re1 Rf8 25. Ng2 Nd5 26. c4 Nf6 27. Nf4 Bg4 28. Ne6+ Bxe6 29. Rxe6 Nd4 30. Re7+ Kg8 31. Qe3 Ng4 32. Qe4 Nf3+ 33. Kg2 Nfxh2 34. Qd5+ Kh8 35. Re8 Rf6 36. Rxf8+ Rxf8 37. Qxc5 Rf7 38. Qd4+ Kg8 39. Re8+ Rf8 40. Qd5+ Kg7 41. Qd4+ Kg8 42. Qd5+ Kg7 43. Re7+ Kg6 44. Qe4+ Rf5 45. Re6+ Kg5 46. Re8 Rf2+ 47. Kh3 Nf3 48. Rg8+ Kh6 49. Qe6+ Kh5 50. Qf5+ Kh6 51. Qe6+ Kh5 52. Qf5+ Kh6 53. Qf8+ Kh5 54. Qe8+ Kh6 55. Kxg4 Nh2+ 56. Kh3 Nf3 57. Qe6+ Kh5 58. Qg4+ Kh6 59. Qh4+ Nxh4 60. Kxh4 Rxb2 61. Rb8 Rxa2 62. Rxb7 Ra3 63. d4 Ra4 64. Rc7 Kg6 65. d5 Kf6 66. Kh5 Ra3 67. d6 Rxg3 68. c5 Kf5 69. Kh4 Rd3 70. d7 Ke6 71. c6 Ke7 72. Rc8 Rd4+ 73. Kg3 Rd3+ 74. Kf2 Rd2+ 75. Ke3 Rd6 76. Re8+ Kf7 77. d8=Q Rxd8 78. Rxd8 Ke6 79. Rh8 Kd6 80. Rxh7 Kxc6 81. Kd4 Kb5 82. Rb7+ Kc6 83. Rb1 a5 84. Kc4 a4 85. Ra1 1-0

[Event "November 21 Early 2023"]
[Site "https://www.chess.com"]
[Date "2023.11.21"]
[Round "11"]
[White "Saravana, Krishnan P."]
[Black "Nguyen, Ngoc Truong Son"]
[Result "1-0"]
[Board "25"]
[TimeControl "180+1"]
[WhiteFideId "5018382"]
[BlackFideId "12401110"]
[WhiteElo "2167"]
[BlackElo "2556"]
[WhiteTeam "IND"]
[BlackTeam "VIE"]
[WhiteClock "0:00:09"]
[BlackClock "0:00:00"]

1. e4 a6 2. d4 c6 3. Nf3 d5 4. Nc3 dxe4 5. Nxe4 Nf6 6. Nxf6+ exf6 7. Bc4 Bd6 8. Qe2+ Qe7 9. Qxe7+ Kxe7 10. Be3 Be6 11. Bxe6 fxe6 12. O-O Nd7 13. Rfe1 Rhe8 14. Nd2 Kf7 15. a4 Rad8 16. c3 Bc7 17. Nc4 e5 18. dxe5 Nxe5 19. Nxe5+ Rxe5 20. Rad1 Red5 21. Rxd5 Rxd5 22. Kf1 f5 23. g3 Be5 24. Ke2 Ke6 25. Kf3 Kd7 26. Ke2 b5 27. Ra1 Rd6 28. Bc5 Re6 29. Kd3 Bc7 30. axb5 cxb5 31. Bd4 g6 32. c4 bxc4+ 33. Kxc4 g5 34. b4 h5 35. Bc5 g4 36. Rd1+ Kc6 37. Ra1 Re4+ 38. Kd3 a5 39. Rc1 a4 40. Bd4+ Kb7 41. Ra1 h4 42. Rxa4 Re1 43. b5 h3 44. b6 Bb8 45. Ra5 Rh1 46. Rxf5 Rxh2 47. Rf7+ Ka6 48. Rf8 Bd6 49. Rg8 Rh1 50. Rxg4 h2 51. Rh4 Rd1+ 52. Kc4 h1=Q 53. Rxh1 Rxh1 54. Kd5 Bb4 55. Be3 Rh7 56. Ke6 Kb7 57. g4 Re7+ 58. Kf6 Kc6 59. g5 1-0

[Event "November 21 Early 2023"]
[Site "https://www.chess.com"]
[Date "2023.11.21"]
[Round "11"]
[White "Galchenko, Matvey"]
[Black "Begmuratov, Alisher"]
[Result "1-0"]
[Board "26"]
[TimeControl "180+1"]
[WhiteFideId "24175480"]
[BlackFideId "14203367"]
[WhiteElo "2406"]
[BlackElo "2387"]
[WhiteTeam "FID"]
[BlackTeam "UZB"]
[WhiteClock "0:00:14"]
[BlackClock "0:00:04"]

1. e4 c6 2. d4 d5 3. exd5 cxd5 4. Bd3 Nc6 5. c3 Nf6 6. h3 e5 7. dxe5 Nxe5 8. Qe2 Qe7 9. Bc2 Nc6 10. Nf3 Qxe2+ 11. Kxe2 Bc5 12. Rd1 Be6 13. Nbd2 O-O 14. Nb3 Bb6 15. Kf1 Ne4 16. Nbd4 Rfe8 17. Be3 Bd7 18. Bb3 Nxd4 19. Bxd4 Bb5+ 20. Kg1 Bc4 21. Ba4 Red8 22. Ne5 Be2 23. Re1 Bxd4 24. cxd4 b5 25. Bc2 Bh5 26. Nc6 Re8 27. Nb4 Nf6 28. Bb3 Red8 29. Re5 Bg6 30. Rc1 Kf8 31. Nxd5 Nxd5 32. Rxd5 Rxd5 33. Bxd5 Rd8 34. Rc5 a6 35. f3 Ke7 36. Kf2 Kd6 37. Bb7 Bb1 38. a3 Ke7 39. Ke3 Rd6 40. d5 Ba2 41. Kd4 Kd7 42. Bc6+ Kd8 43. Rc1 Bc4 44. Kc5 Rg6 45. Re1 Kc7 46. d6+ Rxd6 47. Re7+ 1-0

[Event "November 21 Early 2023"]
[Site "https://www.chess.com"]
[Date "2023.11.21"]
[Round "11"]
[White "Djordjevic, Vuk"]
[Black "Ibarra Jerez, Jose Carlos"]
[Result "0-1"]
[Board "27"]
[TimeControl "180+1"]
[WhiteFideId "902098"]
[BlackFideId "2226332"]
[WhiteElo "2425"]
[BlackElo "2634"]
[WhiteTeam "SRB"]
[BlackTeam "ESP"]
[WhiteClock "0:00:02"]
[BlackClock "0:00:15"]

1. d4 Nf6 2. Bg5 d5 3. Bxf6 gxf6 4. e3 c5 5. c4 cxd4 6. exd4 Nc6 7. Nc3 dxc4 8. d5 Ne5 9. Bxc4 Nxc4 10. Qa4+ Bd7 11. Qxc4 Rg8 12. Qe4 Qb6 13. Nge2 Rc8 14. O-O f5 15. Qf3 Bg7 16. Rab1 Kf8 17. Rfe1 Be5 18. Ng3 Qd6 19. Nxf5 Bxh2+ 20. Kh1 Bxf5 21. Qxf5 Rc4 22. Qh5 Bf4 23. Re4 Rg6 24. Rxc4 Rh6 25. Qxh6+ Qxh6+ 26. Kg1 Qh2+ 27. Kf1 Be5 28. Rd1 Qh1+ 29. Ke2 Qxg2 30. Rc8+ Kg7 31. Rc4 h5 32. Rh4 Bg3 33. Re4 Qxf2+ 34. Kd3 h4 35. Rxe7 h3 36. Re2 Qf5+ 37. Ke3 Bf4+ 38. Kf3 Bd2+ 39. Kg3 Qf4+ 40. Kxh3 Qf3+ 41. Kh2 Bxc3 42. Rg2+ Kf8 43. bxc3 Qxd1 44. c4 0-1

[Event "November 21 Early 2023"]
[Site "https://www.chess.com"]
[Date "2023.11.21"]
[Round "11"]
[White "mind1mover"]
[Black "Tatarinov, Dmitry"]
[Result "1-0"]
[Board "28"]
[TimeControl "180+1"]
[BlackFideId "24160067"]
[WhiteElo "2869"]
[BlackElo "2344"]
[BlackTeam "RUS"]
[WhiteClock "0:00:04"]
[BlackClock "0:00:04"]

1. Nf3 d5 2. b3 Nf6 3. Bb2 e6 4. g3 Be7 5. Bg2 O-O 6. O-O b6 7. c4 Bb7 8. Nc3 dxc4 9. bxc4 c5 10. d3 Nc6 11. e3 Rc8 12. Qe2 Qc7 13. Ne1 Rfd8 14. Rd1 a6 15. a4 Nb4 16. f4 Rd7 17. Bxb7 Qxb7 18. g4 Rcd8 19. g5 Ne8 20. h4 Nd6 21. e4 b5 22. axb5 axb5 23. f5 exf5 24. e5 Nxc4 25. e6 fxe6 26. dxc4 Rxd1 27. Qxe6+ Kh8 28. Nxd1 bxc4 29. Qf7 Rg8 30. Ne3 Qe4 31. Nxf5 Nd3 32. Bxg7+ Rxg7 33. Qxg7# 1-0

[Event "November 21 Early 2023"]
[Site "https://www.chess.com"]
[Date "2023.11.21"]
[Round "11"]
[White "Orujov2008"]
[Black "Gokerkan, Cem Kaan"]
[Result "1/2-1/2"]
[Board "29"]
[TimeControl "180+1"]
[BlackFideId "6336760"]
[WhiteElo "2744"]
[BlackElo "2365"]
[BlackTeam "TUR"]
[WhiteClock "0:01:34"]
[BlackClock "0:01:22"]

1. e4 e5 2. Nf3 Nf6 3. Nxe5 d5 4. exd5 Qxd5 5. Qe2 Be6 6. Qb5+ Nbd7 7. Qxd5 Bxd5 8. Nxd7 Kxd7 9. d3 Re8+ 10. Be3 Ng4 11. Kd2 g6 12. Nc3 Bc6 13. Be2 Nxe3 14. fxe3 Bh6 15. Nd1 Bxg2 16. Rg1 Bc6 17. Rg3 Re7 18. Bf3 Rhe8 19. Bxc6+ Kxc6 20. Rh3 Bg5 21. Rxh7 f5 22. Rxe7 Rxe7 23. d4 Rh7 24. Nc3 Rxh2+ 25. Kd3 Rh3 26. Rg1 Bxe3 27. Rxg6+ Kd7 28. Rg7+ Kd8 29. Rg8+ Kd7 30. Rg7+ Kd8 31. Rg8+ Kd7 32. Rg7+ 1/2-1/2

[Event "November 21 Early 2023"]
[Site "https://www.chess.com"]
[Date "2023.11.21"]
[Round "11"]
[White "Csonka, Balazs"]
[Black "Rohith Krishna S"]
[Result "0-1"]
[Board "30"]
[TimeControl "180+1"]
[WhiteFideId "742910"]
[BlackFideId "46617051"]
[WhiteElo "2399"]
[BlackElo "2394"]
[WhiteTeam "HUN"]
[BlackTeam "IND"]
[WhiteClock "0:00:01"]
[BlackClock "0:00:14"]

1. e4 d5 2. exd5 Qxd5 3. Nc3 Qa5 4. Bc4 Nf6 5. d3 Nc6 6. Ne2 Bf5 7. Bd2 Qc5 8. O-O e6 9. Nb5 Qe7 10. Bf4 e5 11. Bg5 a6 12. Nbc3 O-O-O 13. Rb1 h6 14. Nd5 Qd6 15. Bxf6 gxf6 16. b4 Be6 17. Nec3 Nd4 18. a4 f5 19. b5 axb5 20. axb5 Qc5 21. Ne3 Rg8 22. Kh1 Be7 23. Ra1 Bg5 24. Bxe6+ Nxe6 25. Nc4 Bf6 26. b6 Qc6 27. f3 e4 28. bxc7 Nxc7 29. Ra3 b5 30. Na5 Qc5 31. Qa1 b4 32. Nb3 Qxc3 33. Ra8+ Nxa8 34. Qxa8+ Kd7 35. Qb7+ Ke8 36. fxe4 Qxc2 37. e5 Be7 38. e6 fxe6 39. d4 Rd7 40. Qa8+ Kf7 41. Qf3 Qc3 42. Qh5+ Rg6 43. d5 Rxd5 44. Nc1 Qc4 0-1

[Event "November 21 Early 2023"]
[Site "https://www.chess.com"]
[Date "2023.11.21"]
[Round "11"]
[White "Shuvalova, Polina"]
[Black "BardArtem"]
[Result "1-0"]
[Board "31"]
[TimeControl "180+1"]
[WhiteFideId "24171760"]
[WhiteElo "2342"]
[BlackElo "2838"]
[WhiteTeam "RUS"]
[WhiteClock "0:00:04"]
[BlackClock "0:00:01"]

1. e4 e5 2. Nf3 Nc6 3. Nc3 Nf6 4. Bb5 Bb4 5. O-O O-O 6. d3 Bxc3 7. bxc3 d6 8. Re1 Ne7 9. d4 c6 10. Bd3 Qc7 11. h3 h6 12. a4 Rd8 13. a5 Ng6 14. Qe2 a6 15. Be3 Qe7 16. Rab1 Be6 17. c4 Nh5 18. d5 Nhf4 19. Qd2 Bc8 20. Qc3 c5 21. Bf1 Rb8 22. Bd2 f5 23. exf5 Bxf5 24. Kh2 Rf8 25. Rb6 Bc8 26. g3 Nh5 27. Bg2 Nf6 28. Bc1 Qc7 29. Nd2 Bd7 30. Qe3 Rf7 31. Ne4 Nxe4 32. Bxe4 Bf5 33. Bg2 Rbf8 34. Qe2 Bc8 35. Be3 Ne7 36. g4 Ng6 37. Be4 Nf4 38. Qd2 Qe7 39. Rg1 Kh8 40. Rg3 Qh4 41. f3 Rf6 42. Qf2 R6f7 43. Qf1 Qf6 44. Qf2 Ng6 45. Qg2 Nh4 46. Qe2 g5 47. Qf2 Ng6 48. Qe2 Nf4 49. Qf2 Kg7 50. Qd2 Rh8 51. Kg1 Kf8 52. Qh2 h5 53. Kf2 hxg4 54. Ke1 Rxh3 55. Rxh3 Nxh3 56. fxg4 Qf1+ 57. Kd2 Kg7 58. Rxd6 Nf2 59. Qxe5+ Kg8 60. Rd8+ Rf8 61. Qxg5+ Kf7 62. Qg6+ Ke7 63. Bg5+ Rf6 64. Qxf6# 1-0

[Event "November 21 Early 2023"]
[Site "https://www.chess.com"]
[Date "2023.11.21"]
[Round "11"]
[White "Klukin, Kirill"]
[Black "Zakaryan, David"]
[Result "1-0"]
[Board "32"]
[TimeControl "180+1"]
[WhiteFideId "24199273"]
[BlackFideId "24101923"]
[WhiteElo "2344"]
[BlackElo "2323"]
[WhiteTeam "RUS"]
[BlackTeam "RUS"]
[WhiteClock "0:01:06"]
[BlackClock "0:00:01"]

1. d4 Nf6 2. Nf3 d5 3. c4 e6 4. Nc3 Bb4 5. Bd2 O-O 6. e3 b6 7. cxd5 exd5 8. Bd3 Re8 9. O-O Nbd7 10. Rc1 a6 11. Qc2 Bb7 12. a3 Bd6 13. b4 Ne4 14. Ne2 Qf6 15. Bc3 Qh6 16. Ng3 g6 17. Bb2 Rac8 18. Bxe4 dxe4 19. Ne5 Nxe5 20. dxe5 Bxe5 21. Bxe5 Rxe5 22. Rfd1 Qf8 23. Rd7 Re7 24. Rcd1 c5 25. bxc5 Rxc5 26. Qb2 Rxd7 27. Rxd7 Qc8 28. Qd4 Rc1+ 29. Nf1 Qxd7 30. Qxd7 Bc6 31. Qd8+ Kg7 32. Qd2 Rc5 33. h3 Bb5 34. Ng3 f5 35. Ne2 g5 36. Nd4 Bd7 37. Qb2 Kg6 38. Qxb6+ 1-0

[Event "November 21 Early 2023"]
[Site "https://www.chess.com"]
[Date "2023.11.21"]
[Round "11"]
[White "Sattarov, Bobir"]
[Black "Vasquez Schroeder, Rodrigo"]
[Result "0-1"]
[Board "33"]
[TimeControl "180+1"]
[WhiteFideId "14203081"]
[BlackFideId "3400042"]
[WhiteElo "2351"]
[BlackElo "2582"]
[WhiteTeam "UZB"]
[BlackTeam "CHI"]
[WhiteClock "0:00:00"]
[BlackClock "0:00:24"]

1. e4 c5 2. Nc3 d6 3. Nf3 a6 4. g3 Nf6 5. e5 dxe5 6. Nxe5 Nbd7 7. d4 cxd4 8. Qxd4 e6 9. Nd3 e5 10. Qa4 b5 11. Qh4 Bb7 12. Rg1 e4 13. Nf4 b4 14. Na4 Qa5 15. b3 g5 16. Qh3 gxf4 17. Bb2 f3 18. O-O-O Rg8 19. Bc4 Be7 20. Kb1 Ne5 21. Nb6 Nxc4 22. Nxc4 Qh5 23. Qf1 Nd5 24. Be5 Rd8 25. h3 Qf5 26. g4 Qe6 27. Rd4 Nc3+ 28. Kb2 Rxd4 29. Bxd4 Bf6 30. Bxf6 Qxf6 31. g5 Qd4 32. a4 Nxa4+ 33. Ka2 Nc3+ 34. Kb2 Bd5 35. Rg4 Bxc4 36. bxc4 Ke7 0-1

[Event "November 21 Early 2023"]
[Site "https://www.chess.com"]
[Date "2023.11.21"]
[Round "11"]
[White "Trost, Edvin"]
[Black "Materia, Marco"]
[Result "0-1"]
[Board "34"]
[TimeControl "180+1"]
[WhiteFideId "1729519"]
[BlackFideId "45150451"]
[WhiteElo "2385"]
[BlackElo "2451"]
[WhiteTeam "SWE"]
[BlackTeam "FRA"]
[WhiteClock "0:00:06"]
[BlackClock "0:01:02"]

1. e4 c5 2. Nf3 e6 3. d4 cxd4 4. Nxd4 Nc6 5. Nc3 Qc7 6. Qd3 Nf6 7. Nxc6 bxc6 8. Qg3 Qxg3 9. hxg3 d5 10. Bd3 h6 11. Bf4 Be7 12. O-O-O Ng4 13. Rhf1 g5 14. Bd2 Ne5 15. Be2 a5 16. Be3 Ba6 17. Bxa6 Rxa6 18. Bd4 f6 19. f4 Ng4 20. exd5 cxd5 21. Rde1 Kf7 22. f5 e5 23. Nxd5 Rd8 24. Nxe7 Rxd4 25. Ng6 Rad6 26. Re2 h5 27. b3 a4 28. Kb2 axb3 29. axb3 Rd2 30. Rfe1 Nh6 31. Nxe5+ fxe5 32. Rxe5 Ng4 33. Re7+ Kf6 34. Rh7 Rc6 35. Rxh5 Rcxc2+ 36. Ka3 Ne5 37. Rh8 Ra2+ 38. Kb4 Nd3+ 39. Kc3 Rac2+ 40. Kd4 Nxe1+ 41. Ke3 Re2+ 42. Kd4 Red2+ 43. Ke3 Rd3+ 44. Ke4 Re2# 0-1

[Event "November 21 Early 2023"]
[Site "https://www.chess.com"]
[Date "2023.11.21"]
[Round "11"]
[White "Arslanov, Shamil"]
[Black "Suyarov, Mukhammadzokhid"]
[Result "1/2-1/2"]
[Board "35"]
[TimeControl "180+1"]
[WhiteFideId "4192826"]
[BlackFideId "14210495"]
[WhiteElo "2326"]
[BlackElo "2449"]
[WhiteTeam "RUS"]
[BlackTeam "UZB"]
[WhiteClock "0:00:03"]
[BlackClock "0:00:24"]

1. d4 e6 2. e4 d5 3. Be3 dxe4 4. f3 Nc6 5. Nc3 Bb4 6. a3 Bxc3+ 7. bxc3 Nf6 8. fxe4 Nxe4 9. Qg4 Nf6 10. Qxg7 Rg8 11. Qh6 Rg6 12. Qh4 Rg4 13. Qf2 Re4 14. Be2 e5 15. Bg5 exd4 16. Bxf6 Qd5 17. Nf3 Qc4 18. Kf1 Qxc3 19. Re1 Be6 20. Bd3 Rxe1+ 21. Qxe1 Qxa3 22. Kf2 Qc5 23. Qe4 Kd7 24. Rb1 Rg8 25. Rb5 Qd6 26. Rxb7 Rg6 27. Be5 Nxe5 28. Nxe5+ Ke7 29. Nxg6+ hxg6 30. Rb1 Kf8 31. Re1 Qb6 32. Qe5 Kg8 33. h3 a5 34. Kg3 a4 35. Bxg6 a3 36. Bd3 a2 37. Qg5+ Kf8 38. Qd8+ Kg7 39. Re5 f6 40. Qe7+ Bf7 41. Bc4 fxe5 42. Qxf7+ Kh6 43. Bxa2 Qd6 44. Bd5 e4+ 45. Kf2 e3+ 46. Ke2 Qa6+ 47. Kf3 Qf1+ 48. Kg3 e2 49. Qe6+ Kg5 50. Qe5+ Kh6 51. Qe6+ Kg7 52. Qe7+ Kh6 53. Qe6+ 1/2-1/2

[Event "November 21 Early 2023"]
[Site "https://www.chess.com"]
[Date "2023.11.21"]
[Round "11"]
[White "Hilary46"]
[Black "Llorente Zaro, Alfonso"]
[Result "0-1"]
[Board "36"]
[TimeControl "180+1"]
[BlackFideId "2254131"]
[WhiteElo "2650"]
[BlackElo "2485"]
[BlackTeam "ESP"]
[WhiteClock "0:00:02"]
[BlackClock "0:01:27"]

1. e4 g6 2. d4 Bg7 3. Nc3 c6 4. f4 d5 5. e5 h5 6. Nf3 Nh6 7. Bd3 Bg4 8. h3 Bxf3 9. Qxf3 h4 10. O-O e6 11. Be3 a6 12. Bf2 Bf8 13. Kh2 Nd7 14. Ne2 b5 15. Ng1 c5 16. dxc5 Bxc5 17. c3 Qb6 18. Rad1 Bxf2 19. Qxf2 Qxf2 20. Rxf2 Nc5 21. Bc2 Nf5 22. Bxf5 gxf5 23. Nf3 Ke7 24. Rc2 Rac8 25. Kg1 a5 26. Nd4 Na4 27. Nxb5 Rb8 28. Nd4 Rxb2 29. Rxb2 Nxb2 30. Rb1 Na4 31. Rb7+ Kf8 32. Nb5 Kg7 33. Ra7 Rc8 34. Nd6 Rxc3 35. Rxf7+ Kg8 36. Rd7 Rc1+ 37. Kh2 Nc3 38. Ne8 Ne4 39. Nf6+ Kf8 40. Ra7 Ng3 41. Nh7+ Ke8 42. Nf6+ Kd8 43. Ra8+ Kc7 44. Ne8+ Kb7 0-1

[Event "November 21 Early 2023"]
[Site "https://www.chess.com"]
[Date "2023.11.21"]
[Round "11"]
[White "Gubajdullin, Alexei"]
[Black "Hulka, Valentyn"]
[Result "1-0"]
[Board "37"]
[TimeControl "180+1"]
[WhiteFideId "4141202"]
[BlackFideId "34107061"]
[WhiteElo "2280"]
[BlackElo "2163"]
[WhiteTeam "RUS"]
[BlackTeam "UKR"]
[WhiteClock "0:01:40"]
[BlackClock "0:00:00"]

1. d4 Nf6 2. Nf3 e6 3. Bf4 d5 4. e3 c5 5. Nbd2 Nc6 6. c3 cxd4 7. exd4 Nh5 8. Be3 Bd6 9. g3 O-O 10. Bg2 g6 11. O-O Ng7 12. Nb3 Nf5 13. Bg5 f6 14. Bd2 b6 15. Re1 a5 16. Nc1 a4 17. a3 Bd7 18. Nd3 Na5 19. Bf4 Be7 20. Re2 Rc8 21. Qe1 Ng7 22. Bh6 Rc6 23. Nf4 Nb3 24. Rd1 Qc8 25. Bh3 Re8 26. Bxg7 Kxg7 27. Bxe6 Bd6 28. Bxd7 Rxe2 29. Qxe2 Qxd7 30. Nxd5 Bxg3 31. hxg3 Qxd5 32. Qe7+ Kh6 33. Kg2 1-0

[Event "November 21 Early 2023"]
[Site "https://www.chess.com"]
[Date "2023.11.21"]
[Round "11"]
[White "Goryachkina, Aleksandra"]
[Black "Rustemov, Alexander"]
[Result "1/2-1/2"]
[Board "38"]
[TimeControl "180+1"]
[WhiteFideId "4147103"]
[BlackFideId "4119002"]
[WhiteElo "2475"]
[BlackElo "2872"]
[WhiteTeam "FID"]
[BlackTeam "RUS"]
[WhiteClock "0:00:40"]
[BlackClock "0:00:48"]

1. e4 e6 2. d4 d5 3. Nd2 c5 4. exd5 Qxd5 5. Ngf3 cxd4 6. Bc4 Qd6 7. O-O Nf6 8. Nb3 Nc6 9. Nbxd4 Nxd4 10. Nxd4 Bd7 11. c3 Qc7 12. Bb3 Bd6 13. h3 Bh2+ 14. Kh1 Bf4 15. Qf3 Bxc1 16. Raxc1 O-O 17. Rcd1 a5 18. Qe2 a4 19. Bc4 Rfc8 20. b3 h6 21. Rfe1 Ra5 22. Kg1 Rc5 23. Bb5 axb3 24. axb3 e5 25. Bxd7 Qxd7 26. Nf3 Qe6 27. c4 b5 28. Nxe5 Re8 29. Nd3 Qxe2 30. Rxe2 Rxe2 31. Nxc5 bxc4 32. bxc4 Rc2 1/2-1/2